 Dungeon Crawl Stone Soup version 0.30-a0-626-gd6a5dd7a1f (webtiles) character file.

Game seed: 12917618517197070961

978 purpskrrrp the Skirmisher (level 7, -15/38 HPs)
             Began as a Deep Elf Hunter on Jan 11, 2023.
             Was a Follower of Qazlal.
             Killed by an exploding vampire mosquito (23 damage)
             ... ignited by their inner flame
             ... on level 6 of the Dungeon.
             The game lasted 00:07:23 (4102 turns).

purpskrrrp the Skirmisher (Deep Elf Hunter)         Turns: 4102, Time: 00:07:24

Health: -15/38     AC:  4    Str:  8    XL:     7   Next: 95%
Magic:  24/24      EV: 17    Int: 14    God:    Qazlal [*.....]
Gold:   345        SH:  1    Dex: 20    Spells: 6/6 levels left

rFire   . . .      SeeInvis +    a - +2 shortbow
rCold   . . .      Faith    +    (shield currently unavailable)
rNeg    . . .      Spirit   .    c - +0 leather armour
rPois   .          Reflect  .    (no helmet)
rElec   .          Harm     .    (no cloak)
rCorr   .          Rampage  .    (no gloves)
Will    .....                    A - +0 pair of boots
Stlth   ++                       h
                                   - Hermit's Pendant {Faith Invo=14 Evo=0 MP+5}
HPRegen 0.26/turn                j - +5 ring of evasion
MPRegen 0.19/turn                i - ring of see invisible

@: no status effects
A: no striking features
a: Renounce Religion


You were on level 6 of the Dungeon.
You worshipped Qazlal.
Qazlal was aware of your devotion.
You visited 1 branch of the dungeon, and saw 6 of its levels.

You collected 345 gold pieces.

Inventory:

Hand Weapons
 a - a +2 shortbow (weapon)
Armour
 c - a +0 leather armour (worn)
 A - a +0 pair of boots (worn)
Jewellery
 h - the Hermit's Pendant (around neck) {Faith Invo=14 Evo=0 MP+5}
   (You found it on level 2 of the Dungeon)

   [amulet of faith]

   It sets your invocations skill to 14 and your evocations skill to 0.
   It allows you to gain divine favour quickly.
   MP:        It affects your magic capacity (+5).
 i - a ring of see invisible (right hand)
 j - a +5 ring of evasion (left hand)
 t - a ring of magical power
 y - an amulet of regeneration
Wands
 B - a wand of polymorph (10)
Scrolls
 d - 3 scrolls of magic mapping
 l - a scroll of summoning {unknown}
 o - 3 scrolls of amnesia
 w - 2 scrolls of fear
 z - a scroll of poison
Potions
 e - a potion of might {unknown}
 f - 5 potions of lignification
 g - 2 potions of haste {unknown}
 k - a potion of magic {unknown}
 m - 2 potions of curing
 p - a potion of invisibility {unknown}
 q - a potion of flight {unknown}
 r - a potion of heal wounds
 s - a potion of resistance {unknown}
 u - a potion of brilliance {unknown}
 v - a potion of mutation {unknown}


   Skills:
 - Level 1.5 Fighting
 + Level 12.9 Ranged Weapons
 - Level 2.4 Dodging
 - Level 1.2 Stealth


You had 6 spell levels left.
You didn't know any spells.
Your spell library contained the following spells:

 Spells                   Type           Power      Damage    Failure   Level
 Shock                    Conj/Air       0%         1d3       38%         1
 Blink                    Tloc           0%         N/A       54%         2
 Cigotuvi's Dreadful Rot  Necr/Pois/Air  0%         N/A       54%         2
 Momentum Strike          Conj/Tloc      0%         3d8       54%         2
 Poisonous Vapours        Pois/Air       0%         N/A       54%         2
 Lesser Beckoning         Tloc           0%         N/A       77%         3
 Mephitic Cloud           Conj/Pois/Air  0%         N/A       77%         3
 Swiftness                Air            0%         N/A       77%         3
 Airstrike                Air            0%         2d(0-16)  99%         4


Dungeon Overview and Level Annotations

Branches:
Dungeon (6/15)             Temple (0/1) D:5

Altars:
Kikubaaqudgha
Qazlal
Zin


Message History

The vampire mosquito bites you!
The vampire mosquito draws strength from your injuries!
The vampire mosquito completely misses you.
The vampire mosquito bites you.
The vampire mosquito draws strength from your injuries!
You feel much better.
The vampire mosquito is engulfed in blazing flames.
Flame seeps out of the vampire mosquito.
The vampire mosquito barely misses you. The vampire mosquito bites you.
The vampire mosquito draws strength from your injuries!
The vampire mosquito misses you.
The vampire mosquito closely misses you.
The vampire mosquito is engulfed in blazing flames.
Flame seeps out of the vampire mosquito.
The vampire mosquito bites you.
The vampire mosquito draws strength from your injuries!
The vampire mosquito misses you. The vampire mosquito bites you.
The vampire mosquito draws strength from your injuries!
The vampire mosquito barely misses you.
An ufetubus comes into view.
You shoot an arrow.
The arrow barely misses the vampire mosquito.
The ufetubus shouts!
The vampire mosquito is engulfed in blazing flames.
Flame seeps out of the vampire mosquito.
The vampire mosquito bites you.
The vampire mosquito draws strength from your injuries!
The vampire mosquito bites you!
* * * LOW HITPOINT WARNING * * *
The vampire mosquito draws strength from your injuries!
The vampire mosquito bites you.
* * * LOW HITPOINT WARNING * * *
The vampire mosquito draws strength from your injuries!
The vampire mosquito barely misses you.
The vampire mosquito is engulfed in blazing flames.
Qazlal accepts your kill.
The vampire mosquito explodes!
The fiery explosion engulfs you!!
Ouch! That really hurt!
You die...

...... #..............
...... #...............
......###................
.........................
...>.....................
.......##................
................§§)......
......#.........○°.(.....
#....##.#.......@y§......
#.... #.#.......yy.......
#.... #.#................
#### #.#....<...........
#># #.#................
.. #.#................
#.#............5...
#.#................
##.#................


You could see 3 vampire mosquitoes and an ufetubus.

Vanquished Creatures
  A vampire mosquito (D:6)
  An ogre (D:5)
  2 phantoms
  3 scorpions
  5 hounds (D:5)
  3 jellies
  A gnoll bouda (D:5)
  2 iguanas
  2 orc wizards (D:3)
  7 gnolls
  5 adders
  2 worms
  2 dart slugs (D:3)
  5 orcs
  4 ball pythons
  3 bats
  5 endoplasms
  6 giant cockroaches
  5 goblins
  6 hobgoblins
  2 jackals (D:4)
  4 quokkas
  4 frilled lizards
  10 kobolds
  7 rats
97 creatures vanquished.

Notes
Turn   | Place    | Note
-------+----------+-------------------------------------------
     0 | D:1      | purpskrrrp the Deep Elf Hunter began the quest for the Orb.
     0 | D:1      | Reached XP level 1. HP: 12/12 MP: 3/3
   188 | D:1      | Reached XP level 2. HP: 16/16 MP: 4/4
   199 | D:1      | Reached skill level 6 in Ranged Weapons
   873 | D:2      | Reached XP level 3. HP: 17/20 MP: 5/5
  1001 | D:2      | Found the Hermit's Pendant {Faith Invo=14 Evo=0 MP+5}
  1074 | D:2      | Found a glowing silver altar of Zin.
  1596 | D:3      | Reached skill level 7 in Ranged Weapons
  1824 | D:3      | Reached XP level 4. HP: 25/25 MP: 15/15
  1843 | D:3      | Reached skill level 8 in Ranged Weapons
  2026 | D:3      | Reached XP level 5. HP: 29/29 MP: 16/16
  2729 | D:4      | Reached skill level 9 in Ranged Weapons
  2881 | D:4      | Found a stormy altar of Qazlal.
  3212 | D:4      | Became a worshipper of Qazlal Stormbringer
  3264 | D:5      | Entered Level 5 of the Dungeon
  3271 | D:5      | Reached XP level 6. HP: 34/34 MP: 18/18
  3288 | D:5      | Reached skill level 10 in Ranged Weapons
  3505 | D:5      | Found an ancient bone altar of Kikubaaqudgha.
  3515 | D:5      | Reached skill level 11 in Ranged Weapons
  3570 | D:5      | Reached XP level 7. HP: 38/38 MP: 19/19
  3609 | D:5      | Found a staircase to the Ecumenical Temple.
  3654 | D:5      | Reached skill level 12 in Ranged Weapons
  3767 | D:5      | Reached * piety under Qazlal
  4091 | D:6      | Noticed a vampire mosquito
  4091 | D:6      | Noticed a vampire mosquito
  4091 | D:6      | Noticed a vampire mosquito
  4092 | D:6      | Noticed a vampire mosquito
  4102 | D:6      | Killed a vampire mosquito
  4102 | D:6      | Killed by an exploding vampire mosquito... ignited by their
                  | inner flame

Illustrated notes

Levels and vault maps discovered:
D:1:      shiori_arrival_maze, layout_basic
D:2:      layout_basic, basic_altar
D:3:      layout_basic, kennysheep_pointless_box, dreamdust_wishing_well
D:4:      layout_rooms, old_standard_altar
D:5:      layout_rooms, overflow_temple_1_default, minmay_temple_entry_trees
D:6:      layout_basic, nicolae_overflow_hidden_temple, nicolae_titane

Skill      XL: |  1  2  3  4  5  6  7 |
---------------+----------------------+-----
Ranged Weapons | 6 7 8 9 11 12 | 12.9
Fighting       | |  1.5
Dodging        | |  2.4
Stealth        | |  1.2

Action                   |  1- 3 |  4- 6 |  7- 9 || total
-------------------------+-------+-------+-------++-------
 Fire: Shortbow          |   106 |    97 |    77 ||   280
  Use: Scroll            |     5 |     5 |     6 ||    16
       Potion            |       |     2 |     4 ||     6
Armor: Leather armour    |     6 |     7 |     7 ||    20
       Skin              |       |     5 |       ||     5
Dodge: Dodged            |    15 |    23 |    44 ||    82

Table legend: (Time is in decaauts)
 A = Elapsed time spent in this place.
 B = Non-inter-level travel time spent in this place.
 C = Inter-level travel time spent in this place.
 D = Time resting spent in this place.
 E = Time spent auto-exploring this place.
 F = Levels seen in this place.
 G = Mean time per level.
                   A        B        C        D        E       F      G
               +--------+--------+--------+--------+--------+-----+--------+
         Total |   4128 |   3991 |    137 |    376 |   3038 |   6 |  688.0 |
       Dungeon |   4128 |   3991 |    137 |    376 |   3038 |   6 |  688.0 |
               +--------+--------+--------+--------+--------+-----+--------+

Top non-repeatable levels by time:
     D:3: 1169 daAuts
     D:1: 799 daAuts
     D:2: 753 daAuts
     D:5: 715 daAuts
     D:4: 572 daAuts
     D:6: 119 daAuts
